 Dungeon Crawl Stone Soup version 0.31-a0-818-ge7c7cf74f0 (webtiles) character file.

Game seed: 6183903857723409267

7455 LeprechaunX the Mimic (level 11, -15/68 HPs)
             Began as an Octopode Shapeshifter on Sept 22, 2023.
             Was a Priest of Hepliaklqana.
             Killed from afar by a raiju (17 damage)
             ... with a living lightning
             ... on level 2 of the Abyss.
             The game lasted 00:20:35 (8593 turns).

LeprechaunX the Mimic (Octopode Shapeshifter)       Turns: 8593, Time: 00:20:37

Health: -15/68     AC:  1    Str: 11 (12) XL:     11   Next: 15%
Magic:  0/11       EV: 14    Int: 19      God:    Hepliaklqana [***...]
Gold:   282        SH:  0    Dex: 10 (13) Spells: 10/10 levels left

rFire   . .          .
                       - Unarmed
rCold   . . .        (no shield)
rNeg    . . .        (helmet currently unavailable)
rPois   +            L - amulet of guardian spirit
rElec   .            x - ring of poison resistance
rCorr   .            M - +6 ring of intelligence
SInv    .            (no ring)
Will    .....        (no ring)
Stlth   ++           (no ring)
HPRegen 0.31/turn    (no ring)
MPRegen 0.12/turn    (no ring)
                     (no ring)

%: guardian spirit
@: brilliant, beast-form
A: beast (slay +4), reduced essence, almost no armour, amphibious, 8 rings,
camouflage 1, gelatinous body 1, (nimble swimmer 1), tentacles, [deterioration
2], [screaming 2], [weak 2]
a: Begin Untransformation, Renounce Religion, Recall Ancestor, Ancestor
Identity, Transference


You were on level 2 of the Abyss.
You worshipped Hepliaklqana.
Hepliaklqana was most pleased with you.
You were a hulking beast.
You visited 2 branches of the dungeon, and saw 11 of its levels.
You visited the Abyss 1 time.

You collected 483 gold pieces.
You spent 201 gold pieces at shops.

Inventory:

Hand Weapons
 a - the +2 sling of Valiance {speed, Will+ Dex+2}
   (You bought it in a shop on level 6 of the Dungeon)

   Dex+2:     It affects your dexterity (+2).
   Will+:     It increases your willpower.
Missiles
 j - 14 boomerangs (quivered)
 p - 3 silver javelins
 t - 2 throwing nets
 z - 7 curare-tipped darts
Jewellery
 x - a ring of poison resistance (left tentacle)
 L - an amulet of guardian spirit (around mantle)
 M - a +6 ring of intelligence (right tentacle)
Talismans
 b - a beast talisman (active)
 c - a flux talisman
 K - a talisman of death
Wands
 l - a wand of iceblast (20)
 r - a wand of quicksilver (11)
 E - a wand of flame (26)
 H - a wand of digging (6)
Scrolls
 d - 4 scrolls of teleportation {unknown}
 f - 4 scrolls of identify {unknown}
 g - 4 scrolls of vulnerability {unknown}
 h - a scroll of brand weapon {unknown}
 i - a scroll of revelation {unknown}
 m - a scroll of fear {unknown}
 q - a scroll of enchant weapon {unknown}
 s - 3 scrolls of noise {unknown}
 y - 2 scrolls of fog {unknown}
 B - 2 scrolls of enchant armour {unknown}
 C - 2 scrolls of immolation {unknown}
Potions
 e - 2 potions of cancellation {unknown}
 k - 2 potions of degeneration {unknown}
 n - a potion of might {unknown}
 o - 2 potions of brilliance
 u - a potion of mutation {unknown}
 v - 2 potions of haste {unknown}
 w - a potion of attraction {unknown}
 A - 4 potions of curing {unknown}
 D - a potion of resistance {unknown}
 F - a potion of berserk rage {unknown}
 G - 5 potions of lignification
 I - a potion of heal wounds {unknown}
 J - 2 potions of enlightenment {unknown}


   Skills:
 + Level 7.7 Fighting
 - Level 5.0 Ranged Weapons
 - Level 5.0 Dodging
 + Level 8.3 Unarmed Combat
 + Level 1.3 Invocations
 * Level 10.4 Shapeshifting


You had 10 spell levels left.
You didn't know any spells.
Your spell library contained the following spells:

 Spells                   Type           Power      Damage    Failure   Level
 Magic Dart               Conj           0%         1d3       21%         1
 Searing Ray              Conj           0%         2d4       30%         2
 Fulminant Prism          Conj/Hex       0%         3d5       90%         4


Dungeon Overview and Level Annotations

Branches:
Dungeon (10/15)            Temple (1/1) D:4
   Lair: D:8-11         Orc: D:9-12

Altars:
Ashenzari
Cheibriados
Dithmenos
Elyvilon
Fedhas
Gozag
Hepliaklqana
Kikubaaqudgha
Makhleb
Nemelex Xobeh
Okawaru
Qazlal
Ru
Sif Muna
Trog
Uskayaw
Vehumet
Wu Jian
Xom
Yredelemnul
Zin
The Shining One

Shops:
D:3 [   D:5 *   D:6 *   D:8 [

Annotations:
D:7 2 transporters, 2 runed translucent doors, puppykicker's ghost, novice OpSh
D:10 Erolcha


Innate Abilities, Weirdness & Mutations

You are a hulking beast.
Your limbs bulge with bestial killing power. (Slay +4)
Your life essence is reduced to manifest your ancestor. (-10% HP)
You cannot wear most types of armour.
You are amphibious.
You can wear up to eight rings at the same time.
Your skin changes colour to match your surroundings (Stealth+).
Your rubbery body absorbs attacks. (AC +1, EV +1)
((You are camouflaged when in or above water. (Stealth+)))
You have tentacles for arms and can constrict up to eight enemies at once.
[Your body often deteriorates upon taking damage.]
[You frequently scream uncontrollably at your foes.]
[You are very weak. (Str -4)]


Message History

The raiju dies!
Unknown command.
You tentacle-slap the raiju. Your grab misses the raiju.
Your squeeze misses the raiju.
The raiju is lightly wounded.
Unknown command.
You bludgeon the raiju! Your grab misses the raiju. You squeeze the raiju.
The raiju is heavily wounded.
The raiju bursts into living lightning!
The living lightning hits Nebetia!
The living lightning misses you.
The raiju blinks! x3
Nebetia hits the raiju with a +0 dagger of draining!
Nebetia drains the raiju.
The raiju bites you!
* * * LOW HITPOINT WARNING * * *
Your body deteriorates!
You feel weakened. The raiju shocks you!
* * * LOW HITPOINT WARNING * * *
An ancient zyme comes into view.
You feel yourself growing ill in the presence of the ancient zyme.
Nebetia barely misses the raiju.
You closely miss the raiju. Your grab misses the raiju. You squeeze the raiju.
The raiju is heavily wounded.
The raiju closely misses you.
The raiju barely misses Nebetia.
Nebetia hits the raiju with a +0 dagger of draining!
Nebetia drains the raiju.
Nebetia hits the raiju with a +0 dagger of draining.
Unknown command.
You bludgeon the raiju! Your grab misses the raiju.
You squeeze the raiju, but do no damage.
The raiju is severely wounded.
Nebetia misses the raiju.
The raiju bites you.
* * * LOW HITPOINT WARNING * * *
The raiju shocks you!
* * * LOW HITPOINT WARNING * * *
The raiju closely misses Nebetia.
Nebetia closely misses the raiju.
It was a potion of brilliance.
You feel clever all of a sudden.
The raiju bursts into living lightning!
The living lightning hits you!
You die...

#.. #.... ... #
... .♣♣
#######'#### ...~
. .....xh..# .....
.........Rh#......
........h.......
## #
#'.####'###.....
... ..........#
...
............#.# .
..#.......>....#
.. . ........# ##
. .. ....>.### ..
........####
...........


You could see the friendly Nebetia the hexer, an ancient zyme and 2 raiju.

Vanquished Creatures
  A two-headed ogre (D:8)
  A raiju (Abyss:2)
  2 hornets
  Sigmund (D:5)
  A small abomination (Abyss:1)
  6 yaks
  Grum (D:8)
  Menkaure (D:5)
  An acid dragon (D:8)
  A water moccasin (D:5)
  Duvessa (D:5)
  4 ice beasts
  2 ogres
  A black bear (D:6)
  A centaur (D:8)
  3 wolves (D:8)
  A phantom (D:5)
  2 kobold brigands
  Blork the orc (D:6)
  A bullfrog (D:6)
  6 scorpions
  Dowan (D:5)
  5 wights
  3 killer bees (D:9)
  2 howler monkeys (D:9)
  A quasit (Abyss:1)
  A jelly (D:4)
  An orc priest (D:4)
  Jessica (D:3)
  A gnoll bouda (D:4)
  Terence (D:3)
  3 sleepcaps
  An iguana (D:5)
  7 orc wizards
  15 gnolls
  6 adders
  2 shadow imps (D:8)
  A white imp (D:7)
  3 ufetubi
  A worm (D:2)
  3 dart slugs
  28 orcs
  4 bats
  8 endoplasms
  2 giant cockroaches
  6 goblins
  9 hobgoblins
  3 quokkas
  13 ball pythons
  7 frilled lizards
  16 kobolds
  5 rats
199 creatures vanquished.

Vanquished Creatures (collateral kills)
  A raiju (Abyss:2)
  A shadow (D:10)
  3 yaks (D:8)
  An ice beast (D:7)
  A centaur (D:9)
  A wolf (D:8)
  2 kobold brigands (D:6)
  A bullfrog (D:7)
  A scorpion (D:6)
  2 wights
  3 killer bees (D:9)
  3 orc wizards (D:9)
  A shadow imp (D:7)
  2 orcs
  2 kobolds
25 creatures vanquished.

Vanquished Creatures (others)
  6 hexers
  An ancestor (D:7)
7 creatures vanquished.

Grand Total: 231 creatures vanquished

Notes
Turn   | Place    | Note
-------+----------+-------------------------------------------
     0 | D:1      | LeprechaunX the Octopode Shapeshifter began the quest for
                  | the Orb.
     0 | D:1      | Reached XP level 1. HP: 13/13 MP: 1/1
   174 | D:1      | Reached XP level 2. HP: 18/18 MP: 2/2
   352 | D:1      | Reached XP level 3. HP: 23/23 MP: 3/3
   362 | D:1      | Found a faded altar of an unknown god.
   785 | D:2      | Reached XP level 4. HP: 9/29 MP: 4/4
  1270 | D:3      | Found Zaull's Armour Shoppe.
  1406 | D:3      | Noticed Jessica
  1407 | D:3      | Noticed Terence
  1407 | D:3      | You fall into a shaft and drop 1 floor!
  1479 | D:3      | Reached skill level 4 in Shapeshifting
  1482 | D:3      | Reached XP level 5. HP: 34/34 MP: 5/5
  1651 | D:3      | Killed Terence
  1951 | D:3      | Killed Jessica
  1952 | D:3      | Reached XP level 6. HP: 37/41 MP: 6/6
  2208 | D:4      | Reached skill level 5 in Shapeshifting
  2208 | D:4      | Reached XP level 7. HP: 41/46 MP: 7/7
  2320 | D:4      | Found a staircase to the Ecumenical Temple.
  2382 | Temple   | Entered the Ecumenical Temple
  2399 | Temple   | Became a worshipper of Hepliaklqana the Forgotten
  2858 | D:5      | Entered Level 5 of the Dungeon
  2925 | D:5      | Reached XP level 8. HP: 54/54 MP: 8/8
  2964 | D:5      | Reached skill level 5 in Unarmed Combat
  2964 | D:5      | Reached skill level 6 in Shapeshifting
  3091 | D:5      | Noticed Dowan
  3092 | D:5      | Noticed Duvessa
  3100 | D:5      | Killed Duvessa
  3108 | D:5      | Killed Dowan
  3409 | D:5      | Reached skill level 5 in Dodging
  3473 | D:5      | Found Qejoopuxodd's Assorted Antiques.
  3580 | D:5      | Noticed Menkaure
  3587 | D:5      | Killed Menkaure
  3657 | D:5      | Reached * piety under Hepliaklqana
  3755 | D:5      | Noticed Sigmund
  3759 | D:5      | Killed Sigmund
  3760 | D:5      | Reached skill level 5 in Fighting
  3760 | D:5      | Reached skill level 7 in Shapeshifting
  3760 | D:5      | Reached XP level 9. HP: 42/54 MP: 9/9
  4274 | D:6      | Found Poonu's Assorted Antiques.
  4324 | D:6      | Bought a jewelled sling for 201 gold pieces
  4324 | D:6      | Identified the +2 sling of Valiance {speed, Will+ Dex+2}
                  | (You bought it in a shop on level 6 of the Dungeon)
  4368 | D:6      | Noticed Blork the orc
  4376 | D:6      | Killed Blork the orc
  4474 | D:6      | Reached skill level 1 in Ranged Weapons
  4669 | D:7      | Reached skill level 8 in Shapeshifting
  4890 | D:7      | Found a transporter.
  4890 | D:7      | Noticed puppykicker's ghost (novice OpSh)
  4894 | D:7      | Noticed a moth of wrath
  4905 | D:7      | Found a transporter.
  5227 | D:7      | Reached ** piety under Hepliaklqana
  5228 | D:7      | Remembered your ancestor Nebetia as a hexer
  5302 | D:7      | Found a runed translucent door.
  5304 | D:7      | Found a runed translucent door.
  5716 | D:8      | Noticed a hornet
  5728 | D:8      | Reached XP level 10. HP: 61/61 MP: 10/10
  5741 | D:8      | Reached skill level 9 in Shapeshifting
  5908 | D:8      | Found Michael's Dragon-Slaying Spoils.
  6382 | D:8      | Noticed a two-headed ogre
  6738 | D:8      | Killed a two-headed ogre
  6809 | D:8      | Found a blossoming altar of Fedhas.
  6839 | D:8      | Noticed Grum
  6848 | D:8      | Killed Grum
  7411 | D:9      | Reached skill level 10 in Shapeshifting
  7778 | D:9      | Reached XP level 11. HP: 44/67 MP: 11/11
  7963 | D:9      | Reached *** piety under Hepliaklqana
  7998 | D:9      | Found a glowing silver altar of Zin.
  8335 | D:10     | Entered Level 10 of the Dungeon
  8348 | D:10     | Reached skill level 5 in Ranged Weapons
  8372 | D:10     | Noticed Erolcha
  8394 | Abyss:1  | Cast into level 1 of the Abyss (Erolcha)
  8495 | Abyss:1  | Noticed a wretched star
  8508 | Abyss:1  | Noticed a wretched star
  8511 | Abyss:1  | Found a corrupted altar of Lugonu.
  8530 | Abyss:1  | Noticed a wretched star
  8586 | Abyss:2  | Reached skill level 1 in Invocations
  8592 | Abyss:2  | HP: 2/68 [raiju (6)]
  8593 | Abyss:2  | Killed from afar by a raiju

Illustrated notes

Levels and vault maps discovered:
D:1:      onia_arrival_mini_spirals, layout_rooms,
          shapermc_ecumenical_altar_flowoftime
D:2:      layout_basic, kennysheep_pointless_box
D:3:      layout_loops_ring, serial_shops, nicolae_shop_tiny_real_fake_doors,
          uniq_terence, uniq_jessica
D:4:      layout_loops_ring, minmay_temple_entry_stoned_glass, dk_vineyard_3
D:5:      layout_gridville, serial_shops, nicolae_shop_dealshenge,
          lexackson_kobold_supper, uniq_menkaure, uniq_sigmund, uniq_duvessa
D:6:      cheibrodos_thug_alley, layout_cave_pools, serial_shops,
          nicolae_shop_window_shopping, reono_crystal_passage,
          dk_noncrumbling_3, grunt_ministairs_12, uniq_blork_the_orc
D:7:      lemuel_insect_pit, layout_basic, gammafunk_ghost_berserking_beasts
D:8:      layout_basic, fedhas_bush_and_centaur_altar,
          nicolae_shop_dragon_depot, uniq_grum
D:9:      layout_irregular_city, zin_statuary
D:10:     layout_basic, kennysheep_generic_room_12, uniq_josephine, uniq_erolcha
Temple:   nicolae_temple_bog_church
Abyss:2:  base: D:5, hangedman_cross_veins

Skill      XL: |  1  2  3  4  5  6  7  8  9 10 11 |
---------------+----------------------------------+-----
Fighting       | 2 3 5 6 7 |  7.7
Shapeshifting  | 4 5 7 8 10 | 10.4
Dodging        | 3 4 5 |  5.0
Unarmed Combat | 4 5 7 8 |  8.3
Ranged Weapons | 2 4 5 |  5.0
Invocations    | 1 |  1.3

Action                     |  1- 3 |  4- 6 |  7- 9 | 10-12 || total
---------------------------+-------+-------+-------+-------++-------
  Melee: Short sword       |    54 |    91 |   140 |       ||   285
         Constrict         |    13 |    25 |    35 |    16 ||    89
         Tentacles         |    10 |    32 |    39 |    20 ||   101
         Punch             |     1 |     3 |     6 |     6 ||    16
         Unarmed           |     1 |       |    11 |    90 ||   102
   Fire: Sling             |       |       |   106 |   127 ||   233
  Throw: Boomerang         |    10 |     1 |    10 |       ||    21
         Dart              |       |       |     8 |       ||     8
         Javelin           |       |       |     3 |       ||     3
 Invoke: Ancestor Life: He |       |       |     1 |       ||     1
         Recall Ancestor   |       |       |       |     1 ||     1
    Use: Potion            |       |       |       |     1 ||     1
   Stab: Sleeping          |     6 |     3 |     4 |     1 ||    14
         Confused          |       |       |       |     4 ||     4
 Armour: Skin              |    22 |    35 |    82 |    54 ||   193
  Dodge: Dodged            |    33 |    64 |    91 |    64 ||   252

Table legend: (Time is in decaauts)
 A = Elapsed time spent in this place.
 B = Non-inter-level travel time spent in this place.
 C = Inter-level travel time spent in this place.
 D = Time resting spent in this place.
 E = Time spent auto-exploring this place.
 F = Levels seen in this place.
 G = Mean time per level.
                   A        B        C        D        E       F      G
               +--------+--------+--------+--------+--------+-----+--------+
         Total |   8531 |   8182 |    349 |    806 |   5705 |  13 |  656.2 |
       Dungeon |   8302 |   7984 |    318 |    753 |   5705 |  10 |  830.2 |
        Temple |     34 |      3 |     31 |      0 |      0 |   1 |   34.0 |
         Abyss |    193 |    193 |      0 |     53 |      0 |   2 |   96.5 |
               +--------+--------+--------+--------+--------+-----+--------+

Top non-repeatable levels by time:
     D:8: 1394 daAuts
     D:9: 1226 daAuts
     D:5: 1057 daAuts
     D:7: 1035 daAuts
     D:4: 901 daAuts
     D:6: 709 daAuts
     D:3: 682 daAuts
     D:2: 640 daAuts
     D:1: 599 daAuts
 Abyss:1: 161 daAuts
    D:10: 53 daAuts
  Temple: 34 daAuts
 Abyss:2: 32 daAuts
